 Dungeon Crawl Stone Soup version 0.17-a0-1760-ga6756ae (webtiles) character file.

2489 Gorice the Geomancer (level 9, -4/34 HPs)
             Began as a Felid Wanderer on Sept 3, 2015.
             Was a High Priest of Sif Muna.
             Killed from afar by Erica (38 damage)
             ... with an orb of energy
             ... on level 8 of the Dungeon.
             The game lasted 01:06:35 (15214 turns).

Gorice the Geomancer (Felid Wanderer)              Turns: 15214, Time: 01:06:35

Health: -4/34      AC:  2    Str:  8    XL:     9   Next: 27%
Magic:  5/19       EV: 15    Int: 17    God:    Sif Muna [*****.]
Gold:   440        SH:  0    Dex: 15    Spells: 5 memorised, 11 levels left
                                        Lives:  0   Deaths: 2

rFire  . . .     SeeInvis +     Z - 70 stones
rCold  . . .     Clarity  .     (armour unavailable)
rNeg   . . .     SustAt   .     (shield unavailable)
rPois  .         Gourm    .     (helmet unavailable)
rElec  .         Spirit   .     (cloak unavailable)
rCorr  .         Warding  .     (gloves unavailable)
rMut   .         Stasis   .     (boots unavailable)
MR     +....                    (no amulet)
Stlth  ++........               (no ring)
                                (no ring)

@: quick, somewhat resistant to hostile enchantments, unstealthy
A: no armour, no weapons or thrown items, claws 1, fangs 3, see invisible,
carnivore 3, speed 1, shaggy fur 2, slow metabolism 1, sharp paws
a: Channel Energy, Forget Spell, Renounce Religion


You were on level 8 of the Dungeon.
You worshipped Sif Muna.
Sif Muna was extremely pleased with you.
You were very full.

You visited 1 branch of the dungeon, and saw 8 of its levels.
You also visited: Sewer.

You collected 440 gold pieces.

Inventory:

Missiles
 Z - 70 stones (in mouth)
Jewellery
 m - the ring of Heruurch {Dex+2 Stlth-}
   (You found it on level 7 of the Dungeon)

   [ring of loudness]

   It affects your dexterity (+2).
   It makes you less stealthy.
 t - an uncursed ring of fire
Scrolls
 n - 3 scrolls of teleportation {!r}
 s - a scroll of remove curse
 u - a scroll of magic mapping {unknown}
Potions
 c - a potion of brilliance {!q}
 e - 2 potions of cancellation {!q}
 f - 2 potions of heal wounds {!q}
 g - a potion of degeneration {unknown}
 i - 2 potions of agility {!q}
 j - 3 potions of haste {!q}
 k - 2 potions of berserk rage
 l - 4 potions of curing
 o - 2 potions of ambrosia {!q}
 p - a potion of resistance {unknown}
Books
 a - a book of Geomancy
 b - the Tome of Flames

   Spells                             Type                      Level
   a - Flame Tongue                   Conjuration/Fire             1
   b - Ignite Poison                  Fire/Transmutation/Poison    3
Comestibles
 d - 5 meat rations {!e}
 h - 2 beef jerkies
 q - a slice of pizza
 r - 2 chunks of flesh


   Skills:
 - Level 1.3 Stealth
 + Level 6.6 Spellcasting
 - Level 8.1 Conjurations
   Level 1.5 Hexes
 * Level 3.4 Transmutations
 + Level 8.3 Earth Magic
   Level 1.1 Evocations


You had 11 spell levels left.
You knew the following spells:

 Your Spells              Type           Power        Failure   Level  Hunger
a - Sandblast             Erth           ####..       1%          1    None
b - Stoneskin             Trmt/Erth      ####....     1%          2    None
c - Stone Arrow           Conj/Erth      ####..       1%          3    ##.....
d - Passwall              Trmt/Erth      ####......   3%          3    ##.....
e - Flame Tongue          Conj/Fire      ###..        2%          1    None


Dungeon Overview and Level Annotations

Branches:
Dungeon (8/15)
 Temple: D:4-7         Lair: D:8-11

Altars:
Ashenzari
Cheibriados
Kikubaaqudgha
Okawaru
Sif Muna
Yredelemnul

Annotations:
D:2 Terence
D:4 UX: Pikel + slaves!, exclusions: 4 doors and slave
D:5 exclusions: orc and 2 orc priests
D:8 Erica, Joseph


Innate Abilities, Weirdness & Mutations

You cannot wear armour.
You are incapable of wielding weapons or throwing items.
You have sharp claws.
You have razor-sharp teeth.
You have supernaturally acute eyesight.
You are carnivorous and can eat meat at any time.
You cover ground quickly.
You are covered in thick fur (AC +2).
You have a slow metabolism.
Your sharp claws are effective at attacking unaware monsters.


Message History

Casting: Stone Arrow
Confirm with . or Enter, or press ? or * to list all spells.
Aiming: Stone Arrow
Press: ? - help, Shift-Dir - straight line, f/p - Erica
Aim: Erica, wielding a scimitar of flaming and wearing a robe The stone arrow hits Erica.
Erica is moderately wounded.
Casting: Stone Arrow
Confirm with . or Enter, or press ? or * to list all spells.
Aiming: Stone Arrow
Press: ? - help, Shift-Dir - straight line, f/p - Erica
Aim: Erica, wielding a scimitar of flaming and wearing a robe (moderately wounded)
The stone arrow hits Erica.
Erica is heavily wounded.
Erica points at you and mumbles some strange words.
The bolt of poison hits you!
You are poisoned.
Ouch! That really hurt!
* * * LOW HITPOINT WARNING * * *
Damage: 30 (max 30)
* * * LOW HITPOINT WARNING * * *
You feel sick.
Damage: 1 (max 30) Drink which item? (? for menu, Esc to quit)
Really quaff
f - 3 potions of heal wounds {!q}?
You feel much better.
You feel sick.
Drink which item? (? for menu, Esc to quit)
You feel better.
Erica mumbles some strange words.
Erica flickers and vanishes for a moment.
Casting: Stone Arrow
Confirm with . or Enter, or press ? or * to list all spells.
Aiming: Stone Arrow
Press: ? - help, Shift-Dir - straight line, f/p - Erica
Aim: Erica, wielding a scimitar of flaming and wearing a robe (heavily wounded, slightly transparent)
The stone arrow hits Erica.
Erica is heavily wounded.
Erica points at you and mumbles some strange words.
The orb of energy misses you.
Casting: Stone Arrow
Confirm with . or Enter, or press ? or * to list all spells.
Aiming: Stone Arrow
Press: ? - help, Shift-Dir - straight line, f/p - Erica
Aim: Erica, wielding a scimitar of flaming and wearing a robe (heavily wounded, slightly transparent)
The stone arrow hits Erica.
Erica is almost dead.
Erica gestures at you while chanting. The orb of energy hits you!
Ouch! That really hurt!
You die...

.... .#.# #......###.
.... ...# #......# #.
.... #..# ######## #<
.... #.... #. .(.[ ..#.
#. .... #.#.# #. ....
#.#.# #.
#########@[.##### #. #
.......@.#......# #. #
.........#......# #. #
.........#......# #. ..
.........#......# ##
.... .........#......#
....
.........#......####.#
....
.........##>.........#
...
.........###....########
... ........#
#............


You could see Erica (invisible).

Vanquished Creatures
  A centaur skeleton (D:8)
  A hungry ghost (D:7)
  A hippogriff (D:7)
  2 ogres (D:7)
  A water moccasin (D:8)
  Purgy (Sewer)
  A sky beast (D:6)
  3 orc warriors
  4 centaurs
  2 ice beasts
  2 giant frogs (D:7)
  A big kobold (D:7)
  A scorpion (D:7)
  2 vampire bats (D:3)
  5 wights
  2 crimson imps
  5 hounds
  A giant frog zombie (D:5)
  2 giant frog skeletons
  4 orc priests
  A jelly (D:6)
  7 worker ants
  4 iguanas
  6 orc wizards
  A killer bee zombie (D:8)
  A hound zombie (D:6)
  A hound skeleton (D:5)
  3 worker ant zombies (D:5)
  5 adders
  A gnoll (D:2)
  A shadow imp (D:8)
  3 adder skeletons
  2 adder zombies (D:5)
  2 giant geckos
  32 orcs
  A ball python (D:2)
  2 bat skeletons (D:3)
  2 bat zombies (D:3)
  6 giant cockroaches
  8 goblins
  10 hobgoblins
  8 kobolds
  2 quokkas
  A ball python zombie (D:5)
  15 bats
  A giant gecko skeleton (D:5)
  A giant gecko zombie (D:5)
  12 giant newts
  16 jackals
  A jackal zombie (D:5)
  12 rats
210 creatures vanquished.

Notes
Turn   | Place    | Note
--------------------------------------------------------------
     0 | D:1      | Gorice the Felid Wanderer began the quest for the Orb.
     0 | D:1      | Gorice set off with: a book of Geomancy, the Tome of Flames, a potion of lignification {!q}, a meat ration {!e}
     0 | D:1      | Reached XP level 1. HP: 7/7 MP: 4/4
     0 | D:1      | Identified the Tome of Flames
     2 | D:1      | Learned a level 1 spell: Sandblast
   412 | D:1      | HP: 2/7 [rat (1)]
   423 | D:1      | Reached XP level 2. HP: 3/11 MP: 1/6
  1023 | D:1      | Reached skill level 5 in Earth Magic
  1031 | D:1      | HP: 3/11 [kobold (2)]
  1507 | D:1      | Reached XP level 3. HP: 14/14 MP: 3/7
  1585 | D:1      | Learned a level 2 spell: Stoneskin
  1905 | D:2      | Found a snail-covered altar of Cheibriados.
  1907 | D:2      | Noticed Terence
  2208 | D:2      | HP: 4/14 [hobgoblin/club (3)]
  2378 | D:2      | Reached XP level 4. HP: 10/18 MP: 5/9
  2671 | D:2      | Found a deep blue altar of Sif Muna.
  2679 | D:2      | Became a worshipper of Sif Muna the Loreminder
  3135 | D:2      | Learned a level 3 spell: Stone Arrow
  3960 | D:3      | Found an ancient bone altar of Kikubaaqudgha.
  4002 | D:3      | Reached skill level 3 in Spellcasting
  4002 | D:3      | Reached skill level 1 in Conjurations
  4002 | D:3      | Reached XP level 5. HP: 16/21 MP: 4/10
  4556 | D:3      | HP: 6/21 [orc wizard/magic dart (8)]
  4585 | D:3      | Reached skill level 6 in Earth Magic
  4982 | D:4      | Reached skill level 2 in Conjurations
  5083 | D:4      | Noticed a slave
  5083 | D:4      | Noticed a slave
  5083 | D:4      | Noticed a slave
  5106 | D:5      | Entered Level 5 of the Dungeon
  5106 | D:5      | Found an iron altar of Okawaru.
  5170 | D:5      | Gained mutation: You are covered in thick fur (AC +2). [Felid growth]
  5170 | D:5      | Reached XP level 6. HP: 11/24 MP: 1/12
  5360 | D:5      | Acquired Sif Muna's first power
  6482 | D:4      | Noticed a slave
  6515 | D:5      | Reached skill level 3 in Conjurations
  7054 | D:5      | Reached XP level 7. HP: 27/27 MP: 6/13
  7195 | D:5      | Reached skill level 4 in Spellcasting
  7295 | D:5      | Learned a level 3 spell: Passwall
  7402 | D:6      | Shot with an arrow of flame by a centaur
  7403 | D:6      | Reached XP level 6. HP: -1/24 MP: 11/13
  7579 | D:6      | Found a basalt altar of Yredelemnul.
  7649 | D:6      | Found a shattered altar of Ashenzari.
  7690 | D:6      | Found a glowing drain.
  7701 | Sewer    | Entered a sewer
  7840 | Sewer    | Noticed Purgy
  8031 | Sewer    | Killed Purgy
  8031 | Sewer    | Reached skill level 4 in Conjurations
  8741 | D:6      | Acquired Sif Muna's second power
  8827 | D:6      | Reached XP level 7. HP: 13/27 MP: 7/14
  9426 | D:6      | Reached skill level 5 in Conjurations
  9932 | D:6      | Reached skill level 5 in Spellcasting
 10039 | D:6      | Reached skill level 7 in Earth Magic
 10039 | D:6      | Reached XP level 8. HP: 31/31 MP: 6/16
 10372 | D:6      | Reached skill level 6 in Conjurations
 10892 | D:7      | Got a bound bone ring
 10893 | D:7      | Identified the ring of Heruurch {Dex+2 Stlth-} (You found it on level 7 of the Dungeon)
 11109 | D:7      | Killed from afar by an orc priest
 11110 | D:7      | Reached XP level 7. HP: -1/27 MP: 9/16
 11553 | D:7      | Reached skill level 7 in Conjurations
 11595 | D:6      | Reached XP level 8. HP: 18/31 MP: 3/17
 12183 | D:7      | HP: 9/31 [poisoned by a kobold]
 12188 | D:7      | HP: 9/31 [poisoned by a kobold]
 12193 | D:7      | HP: 8/31 [poisoned by a kobold]
 12539 | D:7      | Acquired Sif Muna's third power
 13134 | D:7      | Reached skill level 6 in Spellcasting
 13829 | D:7      | Learned a level 1 spell: Flame Tongue
 14029 | D:8      | Noticed Joseph
 14100 | D:8      | Noticed a centaur skeleton
 14104 | D:8      | Killed a centaur skeleton
 14104 | D:8      | Reached skill level 8 in Conjurations
 14104 | D:8      | Reached skill level 8 in Earth Magic
 14106 | D:8      | Reached XP level 9. HP: 21/34 MP: 12/19
 14434 | D:7      | Reached skill level 1 in Transmutations
 14435 | D:7      | Reached skill level 2 in Transmutations
 14748 | D:8      | Reached skill level 3 in Transmutations
 15204 | D:8      | Noticed Erica
 15208 | D:8      | HP: 4/34 [Erica/bolt of poison (30)]
 15214 | D:8      | Killed from afar by Erica

Vault maps used:
D:1:      saegor_arrival_simple_d, serial_bayou_pond_c, minmay_misc_feat_five
D:2:      cheibriados_altar_1, lemuel_crystal_altar, hex_tiny,
          minmay_misc_feat_plants, minmay_liquid_box, uniq_terence
D:3:      kennysheep_vampire_church, minivault_4
D:4:      grunt_gozag_statues, lemuel_temple_firewalk_marked,
          minmay_misc_feat_roman, kb_xom_exploding_sheep, uniq_pikel
D:5:      okawaru_gym_becter, serial_undead, serial_undead_d, serial_undead_b,
          serial_undead_a, serial_undead_a, first_bread
D:6:      lemuel_coloured_pillars_altar, ashenzari_altar_1, portal_sewer_entry_d
D:8:      uniq_erica, uniq_joseph
Sewer:    sewer_big_baddie

Action                   |  1- 3 |  4- 6 |  7- 9 || total
-------------------------+-------+-------+-------++-------
Melee: Unarmed           |    23 |     9 |     1 ||    33
 Cast: Sandblast         |    96 |   163 |    95 ||   354
       Stoneskin         |       |     1 |     3 ||     4
       Stone Arrow       |       |    61 |   147 ||   208
Invok: Channel Energy    |       |    18 |     2 ||    20
  Use: Scroll            |     4 |    10 |     6 ||    20
       Potion            |       |     2 |     2 ||     4
  Eat: Chunk             |    12 |    17 |    33 ||    62

Table legend:
 A = Turns spent in this place as a percentage of turns spent in the entire game.
 B = Non-inter-level travel turns spent in this place as a percentage of non-inter-level travel turns spent in the entire game.
 C = Inter-level travel turns spent in this place as a percentage of turns spent in this place.
 D = Turns resting spent in this place as a percentage of non-inter-level travel turns spent in this place.
 E = Turns spent auto-exploring this place as a percentage of non-inter-level travel turns spent in this place.
 F = Non-inter-level travel turns spent in this place divided by the number of levels of this place that you've seen.
                   A       B       C       D       E      F
               +-------+-------+-------+-------+-------+----------------------
         Total | 100.0 | 100.0 |   0.4 |   8.5 |   4.5 | 531.0
       Dungeon |  93.8 |  93.8 |   0.5 |   8.9 |   4.7 | 560.4
         Sewer |   6.2 |   6.2 |   0.0 |   2.7 |   0.3 | 296.0
               +-------+-------+-------+-------+-------+----------------------

Vault maps used:
D:1:      saegor_arrival_simple_d, serial_bayou_pond_c, minmay_misc_feat_five
D:2:      cheibriados_altar_1, lemuel_crystal_altar, hex_tiny,
          minmay_misc_feat_plants, minmay_liquid_box, uniq_terence
D:3:      kennysheep_vampire_church, minivault_4
D:4:      grunt_gozag_statues, lemuel_temple_firewalk_marked,
          minmay_misc_feat_roman, kb_xom_exploding_sheep, uniq_pikel
D:5:      okawaru_gym_becter, serial_undead, serial_undead_d, serial_undead_b,
          serial_undead_a, serial_undead_a, first_bread
D:6:      lemuel_coloured_pillars_altar, ashenzari_altar_1, portal_sewer_entry_d
D:8:      uniq_erica, uniq_joseph
Sewer:    sewer_big_baddie
